 Dungeon Crawl Stone Soup version 0.30.0 (webtiles) character file.

Game seed: 17512892426093404271

2514 gregoryzoe the Blocker (level 9, 0/72 (82) HPs)
             Began as a Minotaur Fighter on Oct 25, 2023.
             Was a Priest of Okawaru.
             Slain by a sky beast (6 damage)
             ... on level 7 of the Dungeon on Nov 23, 2023.
             The game lasted 00:52:16 (6166 turns).

gregoryzoe the Blocker (Minotaur Fighter)           Turns: 6166, Time: 00:52:17

HP:   0/72 (82)     AC: 12    Str: 23    XL:     9   Next: 29%
MP:   8/8           EV:  8    Int: 11    God:    Okawaru [***...]
Gold: 333           SH:  6    Dex: 12    Spells: 8/8 levels left

rFire   . . .        a - +0 war axe
rCold   . . .        c - +0 buckler
rNeg    . . .        t - +0 chain mail
rPois   .            (helmet unavailable)
rElec   .            g - +0 cloak
rCorr   +            (no gloves)
SInv    .            (no boots)
Will    .....        u - amulet of faith Stlth
                     s - ring of resist corrosion
HPRegen 0.32/turn    G - +6 ring of intelligence
MPRegen 0.11/turn

%: faith
@: about to teleport, hasted, heavily drained, very quick
A: horns 3, retaliatory headbutt
a: Renounce Religion, Heroism


You were on level 7 of the Dungeon.
You worshipped Okawaru.
Okawaru was most pleased with you.
You visited 2 branches of the dungeon, and saw 8 of its levels.
You also visited: Sewer.

You collected 333 gold pieces.

Inventory:

Hand Weapons
 a - a +0 war axe (weapon)
 e - a +3 halberd of freezing
Missiles
 i - 53 stones
 C - 10 poisoned darts
Armour
 b - a +0 scale mail
 c - a +0 buckler (worn)
 g - a +0 cloak (worn)
 t - a +0 chain mail (worn)
Jewellery
 s - a ring of resist corrosion (left hand)
 u - an amulet of faith (around neck)
 G - a +6 ring of intelligence (right hand)
Wands
 n - a wand of quicksilver (5)
 A - a wand of flame (22) (quivered)
Scrolls
 f - a scroll of summoning {unknown}
 h - 2 scrolls of fog
 j - a scroll of teleportation
 l - 2 scrolls of magic mapping
 p - a scroll of enchant armour
 y - a scroll of poison {unknown}
 B - a scroll of noise {unknown}
 D - a scroll of immolation {unknown}
 E - 4 scrolls of vulnerability
 F - a scroll of torment {unknown}
 H - a scroll of identify
 I - a scroll of acquirement {unknown}
 J - 3 scrolls of enchant weapon {unknown}
Potions
 d - 5 potions of might
 k - a potion of resistance
 q - 2 potions of berserk rage
 v - a potion of brilliance {unknown}
 w - a potion of heal wounds {unknown}
 x - 2 potions of ambrosia {unknown}
 z - 3 potions of flight


   Skills:
 + Level 8.4 Fighting
 + Level 7.7(7.8) Axes
 - Level 1.0(4.9) Polearms
 + Level 8.4 Armour
 + Level 8.4 Shields


You had 8 spell levels left.
You didn't know any spells.
Your spell library contained the following spells:

 Spells                   Type           Power      Damage    Failure   Level
 Beastly Appendage        Tmut           0%         N/A       90%         1
 Kiss of Death            Conj/Necr      0%         2d5       90%         1
 Slow                     Hex            0%         N/A       90%         1
 Wereblood                Tmut           0%         N/A       97%         2
 Confusing Touch          Hex            0%         N/A       99%         3
 Spider Form              Tmut/Pois      0%         N/A       99%         3
 Vampiric Draining        Necr           0%         2d6       99%         3
 Dispel Undead            Necr           0%         3d6       100%        4
 Petrify                  Tmut/Erth      0%         N/A       100%        4
 Metabolic Englaciation   Hex/Ice        0%         N/A       100%        5
 Statue Form              Tmut/Erth      0%         N/A       100%        6


Dungeon Overview and Level Annotations

Branches:
Dungeon (7/15)             Temple (1/1) D:5           Sewer (visited)

Altars:
Ashenzari
Cheibriados
Dithmenos
Elyvilon
Fedhas
Gozag
Hepliaklqana
Kikubaaqudgha
Makhleb
Nemelex Xobeh
Okawaru
Qazlal
Ru
Sif Muna
Trog
Uskayaw
Vehumet
Wu Jian
Xom
Yredelemnul
Zin
The Shining One

Shops:
D:5 (

Portals:
Abyss: D:3

Annotations:
D:3 2 transporters, strontium90w's ghost, amateur DECj


Innate Abilities, Weirdness & Mutations

You have a pair of large horns on your head.
You reflexively headbutt those who attack you in melee.


Message History

The wight hits you from afar with a +2 vampiric trident.
You feel drained.
You feel better. The water moccasin bites you.
You are poisoned.
The water moccasin poisons you! Something hits you but does no damage.
The wight hits you from afar with a +2 vampiric trident!
The water moccasin bites you but does no damage.
As you read the scroll of fog, it crumbles to dust.
The scroll dissolves into smoke.
You feel very sick. Something hits you but does no damage.
The wight hits you from afar with a +2 vampiric trident!
* * * LOW HITPOINT WARNING * * *
You feel drained.
* * * LOW HITPOINT WARNING * * *
The water moccasin bites you.
* * * LOW HITPOINT WARNING * * *
As you read the scroll of teleportation, it crumbles to dust.
You feel strangely unstable.
You feel sick.
The water moccasin bites you but does no damage.
Something hits you but does no damage.
The wight hits you from afar with a +2 vampiric trident!
* * * LOW HITPOINT WARNING * * *
You feel drained.
* * * LOW HITPOINT WARNING * * *
You block the water moccasin's attack.
* * * LOW HITPOINT WARNING * * *
You feel sick.
You feel better. Something hits you but does no damage.
It was a potion of haste.
You feel yourself speed up. Something hits you.
* * * LOW HITPOINT WARNING * * *
Something shocks you.
* * * LOW HITPOINT WARNING * * *
The wight barely misses you.
It was a potion of mutation.
You feel extremely strange.
You feel weaker.
You feel stronger. The horns on your head grow some more. Something hits you.
* * * LOW HITPOINT WARNING * * *
Something shocks you.
You die...

###############
##########.............#
#......................##
#..####'#######'#####...##
#.....###.....###....##
##.....###.....##......
##...§§###.....#....##
##..§§§###....#...##
##§@§§.###...'...##
###{### ##..#[...##
#§§z§§# ##.#...... #§§§§z#
###....## +.).$.+ #.#..#
#..(..# #.#..# #.....#
#....# ###+### #.#..#
+....#


You could see a wight.

Vanquished Creatures
  Pikel (D:5)
  Maggie (D:7)
  Grinder (D:5)
  2 water moccasins
  A sky beast (D:6)
  2 black bears
  2 ice beasts
  An ogre (D:6)
  A phantom (D:5)
  A bullfrog (D:6)
  A scorpion (D:5)
  A howler monkey (D:4)
  A jelly (D:5)
  A gnoll bouda (D:5)
  A hound (D:6)
  Jessica (D:2)
  5 iguanas
  3 orc wizards
  12 gnolls
  8 adders
  A shadow imp (D:5)
  3 ufetubi
  3 worms
  4 dart slugs
  8 orcs
  5 ball pythons
  4 endoplasms
  5 giant cockroaches
  4 goblins
  6 hobgoblins
  9 jackals
  9 kobolds
  2 quokkas
  7 bats
  4 frilled lizards
  7 rats
128 creatures vanquished.

Vanquished Creatures (others)
  A goblin (D:3)
1 creature vanquished.

Grand Total: 129 creatures vanquished

Notes
Turn   | Place    | Note
-------+----------+-------------------------------------------
     0 | D:1      | gregoryzoe the Minotaur Fighter began the quest for the
                  | Orb.
     0 | D:1      | Reached XP level 1. HP: 19/19 MP: 0/0
   104 | D:1      | Reached XP level 2. HP: 20/27 MP: 1/1
   180 | D:1      | Found a faded altar of an unknown god.
   191 | D:1      | Prayed at the altar of an unknown god.
   191 | D:1      | Became a worshipper of Ru the Awakened
   260 | D:1      | Reached XP level 3. HP: 33/33 MP: 2/2
   890 | D:2      | Found a shadowy altar of Dithmenos.
  1157 | D:2      | Reached XP level 4. HP: 40/40 MP: 3/3
  1272 | D:2      | Noticed Jessica
  1278 | D:2      | Killed Jessica
  1664 | D:3      | Reached XP level 5. HP: 23/47 MP: 4/4
  1856 | D:3      | Noticed strontium90w's ghost (amateur DECj)
  1858 | D:3      | Found a one-way gate to the infinite horrors of the Abyss.
  1859 | D:3      | Found a transporter.
  1859 | D:3      | Found a transporter.
  2437 | D:4      | Reached skill level 5 in Shields
  2439 | D:4      | Reached skill level 1 in Polearms
  2440 | D:4      | Reached skill level 5 in Armour
  2513 | D:4      | Found a glowing drain.
  2527 | Sewer    | Entered a sewer
  2551 | Sewer    | Noticed a water moccasin
  2561 | Sewer    | Killed a water moccasin
  2562 | Sewer    | Reached skill level 5 in Fighting
  2562 | Sewer    | Reached XP level 6. HP: 56/56 MP: 5/5
  3006 | D:4      | Found a basalt altar of Yredelemnul.
  3390 | D:5      | Entered Level 5 of the Dungeon
  3390 | D:5      | Found Tidot's Weapon Shop.
  3400 | D:5      | Reached XP level 7. HP: 38/62 MP: 6/6
  3534 | D:5      | Found a staircase to the Ecumenical Temple.
  3586 | Temple   | Entered the Ecumenical Temple
  3942 | D:5      | Reached skill level 5 in Axes
  4231 | Temple   | Fell from the grace of Ru
  4231 | Temple   | Became a worshipper of Warmaster Okawaru
  4310 | D:5      | Noticed Pikel
  4321 | D:5      | Killed Pikel
  4321 | D:5      | Reached * piety under Okawaru
  4322 | D:5      | Reached XP level 8. HP: 49/71 MP: 7/7
  4508 | D:5      | Noticed Grinder
  4526 | D:5      | Killed Grinder
  4978 | D:6      | Reached ** piety under Okawaru
  5577 | D:6      | Reached XP level 9. HP: 75/81 MP: 8/8
  5948 | D:7      | Noticed Maggie
  5959 | D:7      | Killed Maggie
  5959 | D:7      | Reached *** piety under Okawaru
  6066 | D:7      | Found a burning altar of Makhleb.
  6166 | D:7      | Gained mutation: You are weak. (Str -2) [potion of
                  | mutation]
  6166 | D:7      | Lost mutation: You are weak. (Str -2) [potion of mutation]
  6166 | D:7      | Gained mutation: You have a pair of large horns on your
                  | head. [potion of mutation]
  6166 | D:7      | Slain by a sky beast

Illustrated notes

Levels and vault maps discovered:
D:1:      minmay_arrival_doors, layout_loops_cross,
          hellmonk_ecumenical_altar_heavens_door, grunt_decor_junction,
          minmay_misc_feat_tiny
D:2:      layout_loops_ring, basic_altar, uniq_jessica
D:3:      layout_loops_ring, gammafunk_ghost_abyssal_escape,
          minmay_tree_intersection
D:4:      layout_basic, old_standard_altar, cheibrodos_sewer_entry_drain,
          interstate_on_off
D:5:      layout_loops_ring, temple_green, roderic_serpentine_path,
          nicolae_stop_n_shop_2, minmay_misc_feat_five, uniq_pikel, uniq_grinder
D:6:      layout_gridville
D:7:      layout_loops_ring, lemuel_round_altar, minmay_quadrilaterals,
          uniq_maggie, uniq_crazy_yiuf_cottage
Temple:   nicolae_temple_slightly_damp_pantheon

Skill      XL: |  1  2  3  4  5  6  7  8 |
---------------+-------------------------+-----
Armour         | 4 5 6 8 |  8.4
Shields        | 4 5 6 8 |  8.4
Fighting       | 4 5 6 8 |  8.4
Axes           | 3 4 6 7 |  7.7
Polearms       | 1 |  1.0

Action                     |  1- 3 |  4- 6 |  7- 9 || total
---------------------------+-------+-------+-------++-------
  Melee: War axe           |    75 |   126 |   146 ||   347
         Headbutt          |     8 |    17 |    29 ||    54
  Evoke: Wand              |       |       |     3 ||     3
    Use: Scroll            |     1 |     5 |     5 ||    11
         Potion            |       |       |     5 ||     5
 Armour: Scale mail        |    38 |    44 |       ||    82
         Chain mail        |       |    14 |    92 ||   106
  Dodge: Dodged            |    33 |    64 |    52 ||   149
  Block: Buckler           |    12 |    38 |    42 ||    92
